 Dungeon Crawl Stone Soup version 0.27.1-4-g1640c2035a (webtiles) character file.

Game seed: 13254289190992014755

247 zeram the Covert (level 6, -9/35 HPs)
             Began as a Kobold Brigand on Nov 12, 2021.
             Mangled by Menkaure (15 damage)
             ... on level 4 of the Dungeon.
             The game lasted 00:06:07 (3156 turns).

zeram the Covert (Kobold Brigand)                   Turns: 3156, Time: 00:06:08

Health: -9/35      AC:  5    Str:  8    XL:     6   Next: 33%
Magic:  6/6        EV: 14    Int: 15    God:
Gold:   150        SH:  0    Dex: 16    Spells: 5/5 levels left

rFire    . . .     SeeInvis .   a - +2 dagger
rCold    . . .     Faith    .   (shield restricted)
rNeg     . . .     Spirit   .   g - +1 robe {Will+}
rPois    .         Reflect  .   (no helmet)
rElec    .         Harm     .   c - +1 cloak
rCorr    .         Rampage  .   (no gloves)
Will     +....                  (no boots)
Stlth    +++++.....             (no amulet)
HPRegen  0.11/turn              (no ring)
MPRegen  0.10/turn              (no ring)

@: no status effects
A: small, no large weapons, nightstalker 3
a: no special abilities


You were on level 4 of the Dungeon.
You visited 1 branch of the dungeon, and saw 4 of its levels.

You collected 150 gold pieces.

Inventory:

Hand Weapons
 a - a +2 dagger (weapon)
Missiles
 d - 21 poisoned darts (quivered)
 e - 2 curare-tipped darts
Armour
 b - a +0 robe
 c - a +1 cloak (worn)
 g - a +1 robe of willpower (worn)
 h - a +0 buckler
Magical Staves
 f - a staff of fire
Wands
 n - a wand of acid (3)
Potions
 i - 2 potions of brilliance
 j - 2 potions of heal wounds
 k - a potion of mutation


   Skills:
 - Level 2.1 Fighting
 - Level 2.6 Short Blades
 - Level 2.1 Throwing
 - Level 1.2 Dodging
 + Level 10.0 Stealth


You had 5 spell levels left.
You didn't know any spells.
Your spell library contained the following spells:

 Spells                   Type           Power      Damage    Failure   Level
 Conjure Flame            Conj/Fire      0%         6-21      63%         3
 Ignite Poison            Fire/Tmut/Pois 0%         N/A       63%         3
 Animate Dead             Necr           0%         N/A       95%         4
 Sticky Flame             Conj/Fire      0%         2d3       95%         4
 Borgnjor's Vile Clutch   Necr/Erth      0%         N/A       100%        5
 Death Channel            Necr           0%         N/A       100%        6


Dungeon Overview and Level Annotations

Branches:
Dungeon (4/15)
 Temple: D:4-7

Altars:
Elyvilon
Xom

Annotations:
D:4 Blork the orc, Grinder, Menkaure


Innate Abilities, Weirdness & Mutations

You are small and have problems with some larger weapons.
You are completely attuned to the shadows.


Message History

There is an escape hatch in the floor here.
You slide downwards.
The hatch slams shut behind you.
Level annotation: Blork the orc, Grinder
Found a ring mail.
Menkaure, Prince of Dust comes into view.
Menkaure is nearby!
Okay, then.
Menkaure calls on the powers of darkness!
Your body is wracked with pain!
You hit Menkaure.
Menkaure is lightly damaged.
An endoplasm comes into view.
Menkaure barely misses you.
You hit Menkaure but do no damage.
Menkaure is lightly damaged.
You hit Menkaure but do no damage.
Menkaure is lightly damaged.
Menkaure casts a spell.
Menkaure seems to speed up.
You hit Menkaure but do no damage.
Menkaure is lightly damaged.
Menkaure misses you.
Unknown command.
You aren't carrying any scrolls.
Unknown command.
Menkaure closely misses you. Menkaure casts a spell at you.
Pain shoots through your body!
Menkaure gestures at you while chanting.
You resist with some effort.
Found an escape hatch in the ceiling.
Menkaure points at you and mumbles some strange words.
Pain shoots through your body!
* * * LOW HITPOINT WARNING * * *
Menkaure calls on the powers of darkness!
The endoplasm convulses!
Your body is wracked with pain!
* * * LOW HITPOINT WARNING * * *
There is an escape hatch in the ceiling here.
The endoplasm barely misses you. Menkaure hits you!
You die...

#...##.....
#.....#...
.####....#...
.............
.#......#..
##........
#.......
..##JM##..
....@.....
#...####.
#... ...^
....


You could see Menkaure (fast) and an endoplasm.

Vanquished Creatures
  Sigmund (D:2)
  Crazy Yiuf (D:3)
  An adder (D:3)
  A dart slug (D:2)
  5 orcs
  8 ball pythons
  An endoplasm (D:2)
  2 giant cockroaches (D:1)
  4 hobgoblins
  2 quokkas (D:1)
  8 bats
  5 frilled lizards
  A goblin (D:2)
  4 kobolds
  5 rats
49 creatures vanquished.

Vanquished Creatures (others)
  5 dream sheep (D:3)
  An endoplasm (D:3)
  A fungus (D:3)
  5 plants
12 creatures vanquished.

Grand Total: 61 creatures vanquished

Notes
Turn   | Place    | Note
-------+----------+-------------------------------------------
     0 | D:1      | zeram the Kobold Brigand began the quest for the Orb.
     0 | D:1      | Reached XP level 1. HP: 12/12 MP: 1/1
   159 | D:1      | Reached XP level 2. HP: 16/17 MP: 2/2
   162 | D:1      | Reached skill level 6 in Stealth
   759 | D:2      | Reached XP level 3. HP: 21/21 MP: 3/3
   950 | D:2      | Noticed Sigmund
   954 | D:2      | Killed Sigmund
   955 | D:2      | Reached skill level 9 in Stealth
   955 | D:2      | Reached XP level 4. HP: 26/26 MP: 4/4
   955 | D:2      | Reached XP level 5. HP: 30/30 MP: 5/5
  1345 | D:2      | Reached XP level 6. HP: 35/35 MP: 6/6
  1828 | D:3      | Noticed a dream sheep
  1828 | D:3      | Noticed a dream sheep
  1828 | D:3      | Noticed a dream sheep
  1828 | D:3      | Noticed a dream sheep
  1828 | D:3      | Noticed a dream sheep
  1828 | D:3      | Found a shimmering altar of Xom.
  1833 | D:3      | Killed a dream sheep
  1833 | D:3      | Killed a dream sheep
  1833 | D:3      | Killed a dream sheep
  1834 | D:3      | Killed a dream sheep
  1834 | D:3      | Killed a dream sheep
  1944 | D:3      | Found a white marble altar of Elyvilon.
  2074 | D:3      | Found a faded altar of an unknown god.
  2353 | D:3      | Found a runed translucent door.
  2498 | D:3      | Noticed Crazy Yiuf
  2503 | D:3      | Killed Crazy Yiuf
  2504 | D:3      | Reached skill level 10 in Stealth
  2640 | D:4      | Noticed Blork the orc
  2686 | D:4      | Noticed Grinder
  2688 | D:4      | Paralysed by Grinder for 5 turns
  3141 | D:4      | Noticed Menkaure
  3156 | D:4      | Mangled by Menkaure

Illustrated notes

Levels and vault maps discovered:
D:1:      ebering_trefoil_twist, layout_loops_ring,
          amcnicky_mini_rare_corridor_liquid
D:2:      layout_basic, kennysheep_generic_room_10, uniq_sigmund
D:3:      layout_rooms, nicolae_elyvilon_temple_path, kb_xom_exploding_sheep,
          shapermc_ecumenical_altar_mp_urbaneastern, hangedman_decor_growths,
          minivault_24, uniq_crazy_yiuf_cottage
D:4:      layout_cave_pools, tgw_trog, serial_column_ruins,
          column_ruins_corridor_plus, column_ruins_corridor_straight,
          column_ruins_open_medium, column_ruins_grid_1,
          guppyfry_early_lair_pool, uniq_eustachio, uniq_menkaure,
          uniq_blork_the_orc, uniq_grinder

Skill      XL: |  1  2  3  4  5  6 |
---------------+-------------------+-----
Stealth        | 6 9 10 | 10.0
Fighting       | |  2.1
Short Blades   | |  2.6
Throwing       | |  2.1
Dodging        | |  1.2

Action                   |  1- 3 |  4- 6 || total
-------------------------+-------+-------++-------
Melee: Dagger            |    39 |    53 ||    92
Throw: Dart              |       |     1 ||     1
  Use: Scroll            |     2 |     8 ||    10
       Potion            |       |     2 ||     2
 Stab: Sleeping          |    19 |    19 ||    38
Armor: Robe              |     5 |     2 ||     7
Dodge: Dodged            |     8 |    27 ||    35
